Map: Overgrown Facility

Players

Chaos

  • Race: Terran Terran
  • Spawn Location: 3:00

PureLegacy

  • Race: Terran Terran
  • Spawn Location: 1:00

GiangNeo

  • Race: Protoss Protoss
  • League: Diamond
  • Spawn Location: 9:00

SHIVERED

  • Race: Terran Terran
  • Spawn Location: 7:00

VOD

Have the link to the VOD?

Description

Time

  • Played on: Nov. 24, 2018, 10:07 a.m.
  • Length: 8:42
Show
View Real Time Build Order
Export as new Build Order

Chaos Terran 

Build Orders:  

Get SALT Encoding   

Show
View Real Time Build Order
Export as new Build Order

PureLegacy Terran 

Build Orders:  

Get SALT Encoding   

  12  0:01  SCV  
  13  0:13  SCV  
  14  0:19  Supply Depot  
  14  0:26  SCV  
  15  0:30  Refinery  
  15  0:40  SCV  
  16  0:46  Barracks  
  16  0:56  SCV  
  17  1:05  Barracks  
  17  1:20  Barracks  
  17  1:27  SCV  
  18  1:42  Reaper  
  19  1:47  Orbital Command  
  19  1:53  Reaper  
  20  1:58  Refinery  
  20  2:09  Supply Depot  
  20  2:10  Reaper  
  22  2:15  Reaper  
  22  2:20  SCV  
  23  2:30  Reaper  
  23  2:34  Supply Depot  
  23  2:35  SCV  
  25  2:43  Reaper  
  26  2:48  SCV  
  27  2:52  Reaper  
  26  3:06  Reaper  
  26  3:08  SCV  
  28  3:15  Command Center  
  28  3:20  Barracks Tech Lab  
  28  3:22  SCV  
  29  3:29  Marine  
  30  3:36  Bunker  
  30  3:38  Stimpack  
  30  3:39  Barracks Reactor  
  30  3:43  SCV  
  31  3:48  Marine  
  31  3:54  Factory  
  32  4:00  Marauder  
  34  4:09  Marine  
  34  4:10  SCV  
  34  4:28  Marine x3, Marauder  
  34  4:39  Orbital Command  
  31  4:53  Marine  
  31  4:54  Marine  
  31  4:59  Factory Tech Lab  
  33  5:03  Marine  
  33  5:04  Marine  
  35  5:10  SCV x2  
  36  5:28  Marine x3  
  36  5:29  Marine  
  36  5:30  Siege Tank  
  41  5:41  SCV  
  42  5:43  SCV  
  43  5:54  SCV  
  44  6:02  SCV  
  42  6:11  SCV  
  41  6:14  SCV  
  41  6:18  Marine x2, Engineering Bay  
  44  6:21  Siege Tank  
  48  6:25  Starport  
  48  6:26  Supply Depot  
  48  6:27  Barracks, SCV x2  
  48  6:28  Supply Depot  
  48  6:29  Barracks, Combat Shield  
  48  6:30  Marauder  
  51  6:34  Barracks Tech Lab  
  51  6:39  SCV x2  
  52  6:48  Missile Turret, Terran Infantry Weapons Level 1  
  52  6:51  Marauder, SCV x2  
  52  6:52  Marine x2  
  58  6:57  Missile Turret  
  58  6:59  Marauder  
  60  7:03  SCV  
  60  7:04  SCV  
  60  7:08  Starport Reactor  
  62  7:09  Supply Depot  
  62  7:11  Marine x2  
  62  7:13  Marauder  
  69  7:20  SCV  
  69  7:26  SCV  
  69  7:28  Supply Depot  
  69  7:29  Barracks Reactor, Barracks Tech Lab  
  69  7:31  Marauder  
  69  7:33  Barracks Reactor  
  69  7:35  SCV  
  69  7:38  SCV  
  70  7:46  Supply Depot  
  70  7:48  Medivac, Supply Depot  
  70  7:49  Medivac  
  71  7:56  Supply Depot  
  71  7:57  Supply Depot  
  71  8:05  SCV x2  
  69  8:17  SCV  
  69  8:18  SCV  
Show
View Real Time Build Order
Export as new Build Order

GiangNeo Protoss 

Build Orders:  

Get SALT Encoding   

  12  0:01  Probe  
  13  0:13  Probe  
  14  0:20  Pylon  
  14  0:25  Probe  
  15  0:34  Probe  
  15  0:41  Gateway  
  15  0:42  Probe  
  17  0:50  Assimilator  
  17  0:53  Probe  
  18  1:04  Gateway  
  18  1:07  Probe  
  19  1:19  Probe  
  20  1:31  Probe, Cybernetics Core  
  21  1:43  Probe  
  22  1:49  Pylon  
  22  1:50  Warp Gate  
  22  1:53  Assimilator  
  22  2:03  Probe  
  23  2:17  Stalker x2  
  26  2:31  Shield Battery  
  26  2:47  Stalker x2  
  30  3:05  Gateway  
  30  3:07  Gateway  
  30  3:11  Pylon  
  30  3:23  Probe, Pylon  
  31  3:34  Stalker x2  
  35  4:02  Stalker  
  37  4:09  Stalker  
  39  4:20  Probe  
  39  4:21  Stalker x2, Pylon  
  44  4:41  Robotics Facility  
  44  4:58  Nexus  
  44  5:07  Probe  
  43  5:28  Twilight Council  
  39  5:33  Warp Prism  
  41  5:38  Probe  
  42  5:47  Pylon  
  42  5:50  Probe  
  42  5:54  Forge  
  43  5:58  Blink  
  43  6:11  Templar Archives  
  43  6:12  Probe  
  43  6:15  Probe  
  45  6:20  Probe, Protoss Ground Armor Level 1  
  46  6:27  Probe  
  47  6:32  Probe  
  47  6:33  Forge, Psionic Storm  
  47  6:39  Probe  
  49  6:44  Probe, Observer  
  51  6:51  Probe  
  52  6:58  Probe  
  43  7:24  High Templar x2  
  47  7:32  Gateway  
  47  7:34  Gateway  
  47  7:39  Gateway  
  47  7:41  Gateway  
  47  7:48  Stalker x2  
  49  7:55  Probe x2  
  51  8:06  Nexus, Pylon  
  51  8:07  Probe  
  51  8:08  High Templar  
  54  8:13  Probe  
  51  8:25  Probe  
  51  8:26  Stalker x2  
  55  8:36  Assimilator  
  55  8:40  Assimilator  
Show
View Real Time Build Order
Export as new Build Order

SHIVERED Terran 

Build Orders: 1/1/1, Liberator Opening, Mech 

Get SALT Encoding   

  12  0:00  SCV  
  13  0:13  SCV  
  14  0:19  Supply Depot  
  14  0:25  SCV  
  15  0:31  Refinery  
  15  0:41  SCV  
  16  0:46  Barracks  
  16  0:53  SCV  
  17  0:59  Refinery  
  17  1:05  SCV  
  18  1:17  SCV  
  19  1:29  SCV  
  20  1:33  Factory  
  20  1:37  Barracks Reactor  
  20  1:42  Orbital Command  
  20  1:57  Supply Depot  
  20  2:07  SCV  
  21  2:19  Starport  
  21  2:22  Hellion  
  25  2:23  Hellion  
  25  2:25  SCV  
  26  2:40  Supply Depot  
  26  2:44  Hellion x2  
  31  2:51  SCV  
  31  2:52  Liberator  
  31  3:11  Hellion x2  
  38  3:13  SCV  
  38  3:19  Supply Depot  
  39  3:40  Supply Depot  
  39  3:41  Hellion x2, SCV  
  44  3:53  Factory, SCV  
  45  3:57  Starport Tech Lab  
  45  4:02  Hellion  
  47  4:05  SCV  
  46  4:12  Hellion  
  42  4:25  Hellion  
  42  4:26  SCV  
  42  4:28  Banshee  
  48  4:33  Hellion  
  50  4:43  Factory Tech Lab  
  50  4:46  SCV  
  50  4:51  Supply Depot  
  51  4:54  Hellion  
  51  4:58  SCV  
  54  5:12  SCV, Banshee  
  58  5:20  Supply Depot  
  58  5:25  Siege Tank  
  58  5:27  SCV  
  58  5:28  Command Center  
  62  5:42  Hellion x2, SCV  
  67  5:51  Supply Depot  
  67  5:52  Factory  
  67  5:54  SCV  
  68  6:09  SCV  
  63  6:22  Hellion x2, Siege Tank, Banshee  
  73  6:30  Supply Depot  
  73  6:38  Refinery  
  73  6:39  Refinery, Factory Tech Lab  
  73  6:40  SCV  
  73  6:46  Hellion  
  76  6:54  Siege Tank  
  79  6:59  Orbital Command  
  79  7:08  SCV  
  80  7:17  Siege Tank  
  80  7:18  Hellion x2  
  87  7:27  Banshee  
  90  7:32  Supply Depot, SCV  
  90  7:33  SCV  
  92  7:43  Hellion, Siege Tank  
  97  7:48  Hellion  
  97  8:00  Siege Tank  
  97  8:04  SCV x2  
  88  8:06  Hellion  
  82  8:17  Hellion  
  82  8:28  SCV x2  
  78  8:40  Armory  
Tags
 
Add a new tag
Caveats
  • Supply blocks, unpowered buildings, or Contaminate may cause inaccurate times.
  • Supply counts are checked every 10 seconds.